Islanders vs Jets
Created - February 8, 2022 at 19:01
Goals
|
| Islanders |
1 |
0 |
0 |
1 |
| Jets |
0 |
0 |
2 |
2 |
|
Shots
|
| Islanders |
13 |
4 |
15 |
32 |
| Jets |
6 |
7 |
13 |
26 |
|
1st period
1. Islanders , Evander Kane 21 (Sergei Plotnikov 4, Ryan Ellis 28) at 16:07
Penalties :
Evander Kane (NyI) for Holding (Minor) at 16:31
2nd period
No Goal
Penalties :
Marc-Édouard Vlasic (NyI) for Boarding (Minor) at 1:17, Marco Scandella (Win) for Tripping (Minor) at 5:44, Noel Acciari (Win) for Hooking (Minor) at 14:20
3rd period
2. Jets , Adam Henrique 20 (Ryan Johansen 21, Brent Burns 5) at 14:12
3. Jets , Ryan Johansen 6 (Jake McCabe 9, Alexander Radulov 4) at 18:26
Penalties :
Viktor Arvidsson (Win) for Roughing (Minor) at 1:59, Fedor Tyutin (NyI) for Holding (Minor) at 9:03, Dougie Hamilton (Win) for High sticking (Minor) at 9:07, Marco Scandella (Win) for Interference (Minor) at 15:50
Goalie Stats
Jonathan Quick (NyI), 24 saves from 26 shots - (0.923), L, 13-8-3, 59:12 minutes
Michal Neuvirth (Win), 31 saves from 32 shots - (0.969), W, 8-10-0, 60:00 minutes
Players Stats for Islanders
Player Name G A P +/- PIM S H SB GA TA FO MP PP MP PK MP
------------------------------------------------------------------------------------
Andrew Shaw 0 0 0 -2 0 0 1 0 0 0 0/0 10:59 0:05 0:00
Brian Ferlin 0 0 0 0 0 1 0 0 0 0 0/0 10:51 0:00 0:00
Craig Smith 0 0 0 0 0 1 0 0 0 0 1/1 14:08 3:57 0:00
Evander Kane 1 0 1 1 2 4 3 0 1 0 1/2 19:23 3:40 1:22
Fedor Tyutin 0 0 0 1 2 5 0 2 0 0 0/0 26:16 3:48 2:11
Frans Nielsen 0 0 0 0 0 3 1 0 0 0 5/7 15:56 3:57 1:23
Jay Bouwmeester 0 0 0 0 0 1 1 0 1 1 0/0 20:02 4:12 1:47
Joe Thornton 0 0 0 1 0 2 1 0 0 0 14/24 18:20 3:41 0:51
Justin Falk 0 0 0 -2 0 4 1 0 0 0 0/0 13:32 0:04 0:04
Marc-Édouard Vlasic 0 0 0 -2 2 0 1 1 0 0 0/0 13:27 0:00 0:00
Michael Latta 0 0 0 -1 0 1 1 1 2 1 3/3 10:30 0:00 0:00
Paul Stastny 0 0 0 0 0 1 1 1 0 0 1/8 13:16 0:31 0:00
Pierre-Edouard Bellemare 0 0 0 0 0 1 0 1 0 0 1/1 14:19 3:57 0:07
Ryan Ellis 0 1 1 1 0 1 2 5 2 0 0/0 27:33 3:48 2:15
Sergei Plotnikov 0 1 1 -2 0 2 2 0 0 1 0/0 12:03 0:05 1:07
Tomas Kundratek 0 0 0 0 0 0 0 1 0 0 0/0 19:55 4:12 1:47
Vladimir Tarasenko 0 0 0 1 0 3 2 0 0 0 0/4 19:52 3:40 2:23
Zac Rinaldo 0 0 0 -1 0 2 1 0 0 1 0/0 13:38 0:23 0:51
Players Stats for Jets
Player Name G A P +/- PIM S H SB GA TA FO MP PP MP PK MP
------------------------------------------------------------------------------------
Adam Henrique 1 0 1 2 0 4 3 2 1 0 2/4 18:50 2:24 1:11
Alexander Radulov 0 1 1 0 0 1 3 0 0 0 1/1 10:44 0:00 0:02
Alexander Wennberg 0 0 0 0 0 1 0 0 1 0 4/8 13:52 1:38 1:07
Brent Burns 0 1 1 1 0 1 0 1 0 0 0/0 19:42 1:29 5:12
Dougie Hamilton 0 0 0 -1 2 0 1 2 0 0 0/0 24:42 2:32 3:15
Erik Haula 0 0 0 -1 0 2 2 1 0 1 7/15 16:47 0:00 3:39
Jake McCabe 0 1 1 1 0 0 0 1 0 1 0/0 18:16 1:29 1:22
Jason Pominville 0 0 0 0 0 0 1 0 0 1 0/1 11:49 0:00 2:21
Johnny Boychuk 0 0 0 1 0 0 1 0 0 1 0/0 13:08 0:00 0:11
Kyle Okposo 0 0 0 2 0 2 0 1 1 1 0/0 16:44 2:24 0:00
Marco Scandella 0 0 0 -1 4 1 0 2 0 1 0/0 21:55 0:00 1:28
Marcus Johansson 0 0 0 -1 0 4 0 1 1 0 0/0 15:21 1:38 1:51
Max Domi 0 0 0 -1 0 1 0 0 0 0 0/1 12:46 1:38 0:00
Noel Acciari 0 0 0 0 2 0 1 0 0 0 1/4 10:07 0:00 1:36
Ronalds Kenins 0 0 0 0 0 1 2 1 0 0 0/0 13:58 0:00 4:13
Ryan Johansen 1 1 2 2 0 5 0 0 0 0 9/16 17:38 2:24 0:00
Tyler Myers 0 0 0 1 0 2 1 2 0 0 0/0 23:17 2:33 4:32
Viktor Arvidsson 0 0 0 0 2 1 0 0 0 0 0/0 10:24 0:00 0:00
3 Stars
1 - Michal Neuvirth (Win)
2 - Ryan Johansen (Win)
3 - Adam Henrique (Win)
Power Play
Islanders - 0 on 5 Attempt(s) - 0.00%
Jets - 0 on 3 Attempt(s) - 0.00%
Penalty Kill
Islanders - 3 on 3 Attempt(s) - 100.00%
- Score 0 goal in Penalty Kill
Jets - 5 on 5 Attempt(s) - 100.00%
- Score 0 goal in Penalty Kill
Team Stat
Islanders - Hits : 18 - Faceoff Wins : 26 - Blocked Shots : 12 - Penalty Minutes : 6
Jets - Hits : 15 - Faceoff Wins : 24 - Blocked Shots : 14 - Penalty Minutes : 10
Official
Referees : Tom Chmielewski and Dean Morton
Linesman : Mark Shewchyk and Devin Berg
Game Notes
No Game Note
Finance
Level 1 -- Attendance: 5924 (98.73%) -- Ticket Income $592,400
Level 2 -- Attendance: 5000 (100.00%) -- Ticket Income $300,000
Level 3 -- Attendance: 2000 (100.00%) -- Ticket Income $70,000
Level 4 -- Attendance: 3885 (97.13%) -- Ticket Income $97,125
Luxury Box -- Attendance: 966 (96.60%) -- Ticket Income $193,200
Game was played at the Bell MTS Place.
Total Attendance: 17775 (98.75%)
Total Ticket Income: $1,252,725
Other Income: $187,909
Total Income: $1,440,634
Islanders
5 vs 5 Forward
Center Left Wing Right Wing Time % Phy DF OF
1 Joe Thornton Evander Kane Vladimir Tarasenko 40 1 2 2
2 Frans Nielsen Pierre-Edouard Bellemare Craig Smith 30 1 2 2
3 Paul Stastny Zac Rinaldo Brian Ferlin 20 1 2 2
4 Michael Latta Sergei Plotnikov Andrew Shaw 10 1 2 2
5 vs 5 Defense
Defense Defense Time % Phy DF OF
1 Ryan Ellis Fedor Tyutin 40 1 2 2
2 Jay Bouwmeester Tomas Kundratek 30 1 2 2
3 Marc-Édouard Vlasic Justin Falk 20 1 2 2
4 Ryan Ellis Fedor Tyutin 10 1 2 2
PowerPlay Forward
Center Left Wing Right Wing Time % Phy DF OF
1 Joe Thornton Evander Kane Vladimir Tarasenko 60 1 2 2
2 Frans Nielsen Pierre-Edouard Bellemare Craig Smith 40 1 2 2
PowerPlay Defense
Defense Defense Time % Phy DF OF
1 Ryan Ellis Fedor Tyutin 60 1 2 2
2 Jay Bouwmeester Tomas Kundratek 40 1 2 2
Penalty Kill 4 Players Forward
Center Wing Time % Phy DF OF
1 Vladimir Tarasenko Evander Kane 60 1 2 2
2 Joe Thornton Frans Nielsen 40 1 2 2
Penalty Kill 4 Players Defense
Defense Defense Time % Phy DF OF
1 Ryan Ellis Fedor Tyutin 60 1 2 2
2 Jay Bouwmeester Tomas Kundratek 40 1 2 2
Penalty Kill - 3 Players Forward
Forward Time % Phy DF OF
1 Vladimir Tarasenko 60 1 2 2
2 Evander Kane 40 1 2 2
Penalty Kill - 3 Players Defense
Defense Defense Time % Phy DF OF
1 Ryan Ellis Fedor Tyutin 60 1 2 2
2 Jay Bouwmeester Tomas Kundratek 40 1 2 2
4 vs 4 Forward
Center Wing Time % Phy DF OF
1 Vladimir Tarasenko Evander Kane 60 1 2 2
2 Joe Thornton Frans Nielsen 40 1 2 2
4 vs 4 Defense
Defense Defense Time % Phy DF OF
1 Ryan Ellis Fedor Tyutin 60 1 2 2
2 Jay Bouwmeester Tomas Kundratek 40 1 2 2
Last Minutes Offensive
Center Left Wing Right Wing Defense Defense
Joe Thornton Evander Kane Vladimir Tarasenko Ryan Ellis Fedor Tyutin
Last Minutes Defensive
Center Left Wing Right Wing Defense Defense
Joe Thornton Evander Kane Vladimir Tarasenko Ryan Ellis Fedor Tyutin
Goaltenders
Starting : Jonathan Quick
Backup : Julien Ellis
Extra Forwards
Normal : Paul Stastny, Zac Rinaldo, Sergei Plotnikov - PP : Paul Stastny, Zac Rinaldo - PK : Sergei Plotnikov
Extra Defensemen
Normal : Marc-Édouard Vlasic, Justin Falk, Jay Bouwmeester - PP : Marc-Édouard Vlasic - PK : Justin Falk, Jay Bouwmeester
Penalty Shots
Vladimir Tarasenko, Evander Kane, Joe Thornton, Frans Nielsen, Paul Stastny
Scratches
Carl Klingberg (Healthy), Jiri Hudler (Healthy)
Jets
5 vs 5 Forward
Center Left Wing Right Wing Time % Phy DF OF
1 Ryan Johansen Adam Henrique Kyle Okposo 40 1 2 2
2 Erik Haula Marcus Johansson Max Domi 30 1 2 2
3 Alexander Wennberg Alexander Radulov Viktor Arvidsson 20 1 2 2
4 Noel Acciari Ronalds Kenins Jason Pominville 10 1 2 2
5 vs 5 Defense
Defense Defense Time % Phy DF OF
1 Marco Scandella Dougie Hamilton 40 0 3 2
2 Tyler Myers Jake McCabe 35 0 3 2
3 Brent Burns Johnny Boychuk 25 0 3 2
4 Tyler Myers Brent Burns 0 2 2 1
PowerPlay Forward
Center Left Wing Right Wing Time % Phy DF OF
1 Ryan Johansen Adam Henrique Kyle Okposo 60 1 0 4
2 Alexander Wennberg Marcus Johansson Max Domi 40 1 0 4
PowerPlay Defense
Defense Defense Time % Phy DF OF
1 Tyler Myers Dougie Hamilton 60 0 1 4
2 Jake McCabe Brent Burns 40 0 1 4
Penalty Kill 4 Players Forward
Center Wing Time % Phy DF OF
1 Erik Haula Ronalds Kenins 60 0 3 2
2 Noel Acciari Jason Pominville 40 0 3 2
Penalty Kill 4 Players Defense
Defense Defense Time % Phy DF OF
1 Tyler Myers Brent Burns 60 0 3 2
2 Marco Scandella Dougie Hamilton 40 0 3 2
Penalty Kill - 3 Players Forward
Forward Time % Phy DF OF
1 Erik Haula 60 0 4 1
2 Noel Acciari 40 0 4 1
Penalty Kill - 3 Players Defense
Defense Defense Time % Phy DF OF
1 Tyler Myers Brent Burns 60 0 5 0
2 Marco Scandella Dougie Hamilton 40 0 5 0
4 vs 4 Forward
Center Wing Time % Phy DF OF
1 Ryan Johansen Adam Henrique 60 1 2 2
2 Alexander Wennberg Marcus Johansson 40 1 2 2
4 vs 4 Defense
Defense Defense Time % Phy DF OF
1 Tyler Myers Brent Burns 60 1 2 2
2 Marco Scandella Dougie Hamilton 40 1 2 2
Last Minutes Offensive
Center Left Wing Right Wing Defense Defense
Ryan Johansen Adam Henrique Max Domi Tyler Myers Dougie Hamilton
Last Minutes Defensive
Center Left Wing Right Wing Defense Defense
Erik Haula Ronalds Kenins Jason Pominville Tyler Myers Marco Scandella
Goaltenders
Starting : Michal Neuvirth
Backup : Marc-André Fleury
Extra Forwards
Normal : Marcus Johansson, Erik Haula, Alexander Radulov - PP : Marcus Johansson, Erik Haula - PK : Marcus Johansson
Extra Defensemen
Normal : Dougie Hamilton, Jake McCabe, Johnny Boychuk - PP : Dougie Hamilton - PK : Dougie Hamilton, Jake McCabe
Penalty Shots
Marcus Johansson, Adam Henrique, Ryan Johansen, Erik Haula, Jason Pominville
Scratches
None
% Time on Ice - Islanders
Lines # - Real PCT - Wanted PCT - Time Play
Normal Forward
1 - 30% - 40% - 13:23
2 - 23% - 30% - 10:26
3 - 24% - 20% - 10:51
4 - 23% - 10% - 10:30
Normal Defense
1 - 41% - 40% - 18:29
2 - 30% - 30% - 13:20
3 - 27% - 20% - 12:25
4 - 2% - 10% - 0:56
PP Forward
1 - 51% - 60% - 4:03
2 - 49% - 40% - 3:57
PP Defense
1 - 48% - 60% - 3:48
2 - 53% - 40% - 4:12
PK Forward
1 - 84% - 60% - 3:24
2 - 16% - 40% - 0:38
PK Defense
1 - 56% - 60% - 2:15
2 - 44% - 40% - 1:47
PK3 Forward
1 - 0% - 60%
2 - 0% - 40%
PK3 Defense
1 - 0% - 60%
2 - 0% - 40%
44 Forward
1 - 78% - 60% - 1:30
2 - 22% - 40% - 0:25
44 Defense
1 - 69% - 60% - 1:19
2 - 31% - 40% - 0:36
Last Minute Offensive - 0:53
Last Minute Defensive - 0:00
Total
Forward - 60:00
Defense - 60:00
|
% Time on Ice - Jets
Lines # - Real PCT - Wanted PCT - Time Play
Normal Forward
1 - 33% - 40% - 15:03
2 - 26% - 30% - 11:51
3 - 23% - 20% - 10:24
4 - 17% - 10% - 7:49
Normal Defense
1 - 38% - 40% - 17:22
2 - 35% - 35% - 15:51
3 - 26% - 25% - 11:54
4 - 0% - 0% - 0:00
PP Forward
1 - 60% - 60% - 2:24
2 - 40% - 40% - 1:38
PP Defense
1 - 63% - 60% - 2:33
2 - 37% - 40% - 1:29
PK Forward
1 - 71% - 60% - 5:39
2 - 29% - 40% - 2:21
PK Defense
1 - 57% - 60% - 4:32
2 - 43% - 40% - 3:28
PK3 Forward
1 - 0% - 60%
2 - 0% - 40%
PK3 Defense
1 - 0% - 60%
2 - 0% - 40%
44 Forward
1 - 82% - 60% - 1:34
2 - 18% - 40% - 0:21
44 Defense
1 - 58% - 60% - 1:07
2 - 42% - 40% - 0:48
Last Minute Offensive - 0:00
Last Minute Defensive - 0:56
Total
Forward - 60:00
Defense - 60:00
|
Play-by-Play
1st period
0:01 of 1st period - Joe Thornton wins face-off versus Ryan Johansen in neutral zone.
1:17 of 1st period - Snap shot by Ryan Ellis.
1:17 of 1st period - Deflect By Michael Latta.
1:17 of 1st period - Stopped by Michal Neuvirth with a rebound.
2:35 of 1st period - Icing by Alexander Radulov.
2:36 of 1st period - Michael Latta wins face-off versus Jason Pominville in Jets zone.
3:09 of 1st period - Snap shot by Kyle Okposo.
3:09 of 1st period - Shot Misses the Net.
3:11 of 1st period - Slapshot by Marco Scandella.
3:11 of 1st period - Stopped by Jonathan Quick without a rebound.
3:12 of 1st period - Craig Smith wins face-off versus Erik Haula in Islanders zone.
3:39 of 1st period - Jake McCabe is hit by Vladimir Tarasenko and loses puck.
4:32 of 1st period - Dougie Hamilton is hit by Andrew Shaw and loses puck.
4:40 of 1st period - Icing by Jason Pominville.
4:41 of 1st period - Noel Acciari wins face-off versus Frans Nielsen in Jets zone.
4:41 of 1st period - Noel Acciari is hit by Frans Nielsen.
4:49 of 1st period - Wrist shot by Ryan Johansen.
4:49 of 1st period - Stopped by Jonathan Quick with a rebound.
4:55 of 1st period - Wrist shot by Kyle Okposo.
4:55 of 1st period - Shot Misses the Net.
5:23 of 1st period - Snap shot by Evander Kane.
5:23 of 1st period - Stopped by Michal Neuvirth with a rebound.
5:37 of 1st period - Ryan Ellis is hit by Alexander Radulov and loses puck.
6:37 of 1st period - Snap shot by Evander Kane.
6:37 of 1st period - Shot Blocked by Brent Burns.
6:53 of 1st period - Dougie Hamilton is hit by Paul Stastny and loses puck.
7:20 of 1st period - Snap shot by Frans Nielsen.
7:20 of 1st period - Shot Misses the Net.
7:22 of 1st period - Slapshot by Justin Falk.
7:22 of 1st period - Shot Blocked by Kyle Okposo.
7:24 of 1st period - Slapshot by Frans Nielsen.
7:24 of 1st period - Stopped by Michal Neuvirth without a rebound.
7:25 of 1st period - Joe Thornton wins face-off versus Ryan Johansen in Jets zone.
8:04 of 1st period - Slapshot by Kyle Okposo.
8:04 of 1st period - Shot Misses the Net.
8:25 of 1st period - Wrist shot by Ryan Johansen.
8:25 of 1st period - Shot Misses the Net.
8:37 of 1st period - Snap shot by Kyle Okposo.
8:37 of 1st period - Stopped by Jonathan Quick with a rebound.
8:39 of 1st period - Snap shot by Brent Burns.
8:39 of 1st period - Shot Blocked by Ryan Ellis.
8:41 of 1st period - Wrist shot by Ryan Johansen.
8:41 of 1st period - Shot Blocked by Ryan Ellis.
8:43 of 1st period - Snap shot by Kyle Okposo.
8:43 of 1st period - Shot Misses the Net.
8:56 of 1st period - Snap shot by Kyle Okposo.
8:56 of 1st period - Shot Misses the Net.
8:58 of 1st period - Slapshot by Tyler Myers.
8:58 of 1st period - Deflect By Ryan Ellis.
8:58 of 1st period - Stopped by Jonathan Quick without a rebound.
8:59 of 1st period - Erik Haula wins face-off versus Joe Thornton in Islanders zone.
10:09 of 1st period - Wrist shot by Evander Kane.
10:09 of 1st period - Stopped by Michal Neuvirth without a rebound.
10:10 of 1st period - Erik Haula wins face-off versus Joe Thornton in Jets zone.
10:29 of 1st period - Brent Burns is hit by Marc-Édouard Vlasic and loses puck.
10:40 of 1st period - Slapshot by Vladimir Tarasenko.
10:40 of 1st period - Stopped by Michal Neuvirth with a rebound.
10:42 of 1st period - Wrist shot by Joe Thornton.
10:42 of 1st period - Stopped by Michal Neuvirth without a rebound.
10:43 of 1st period - Frans Nielsen wins face-off versus Alexander Wennberg in Jets zone.
10:48 of 1st period - Slapshot by Frans Nielsen.
10:48 of 1st period - Stopped by Michal Neuvirth with a rebound.
10:50 of 1st period - Slapshot by Ryan Ellis.
10:50 of 1st period - Shot Blocked by Marco Scandella.
10:52 of 1st period - Slapshot by Ryan Ellis.
10:52 of 1st period - Shot Misses the Net.
10:54 of 1st period - Slapshot by Fedor Tyutin.
10:54 of 1st period - Stopped by Michal Neuvirth with a rebound.
11:25 of 1st period - Snap shot by Brian Ferlin.
11:25 of 1st period - Shot Misses the Net.
12:01 of 1st period - Snap shot by Noel Acciari.
12:01 of 1st period - Shot Misses the Net.
12:07 of 1st period - Slapshot by Jay Bouwmeester.
12:07 of 1st period - Stopped by Michal Neuvirth with a rebound.
12:09 of 1st period - Snap shot by Sergei Plotnikov.
12:09 of 1st period - Stopped by Michal Neuvirth with a rebound.
12:25 of 1st period - Pierre-Edouard Bellemare is hit by Tyler Myers and loses puck.
13:10 of 1st period - Snap shot by Joe Thornton.
13:10 of 1st period - Shot Blocked by Dougie Hamilton.
13:12 of 1st period - Wrist shot by Joe Thornton.
13:12 of 1st period - Shot Misses the Net.
13:14 of 1st period - Snap shot by Vladimir Tarasenko.
13:14 of 1st period - Shot Misses the Net.
13:16 of 1st period - Snap shot by Evander Kane.
13:16 of 1st period - Shot Misses the Net.
13:50 of 1st period - Snap shot by Ryan Johansen.
13:50 of 1st period - Stopped by Jonathan Quick without a rebound.
13:51 of 1st period - Frans Nielsen wins face-off versus Ryan Johansen in Islanders zone.
14:10 of 1st period - Wrist shot by Frans Nielsen.
14:10 of 1st period - Stopped by Michal Neuvirth without a rebound.
14:11 of 1st period - Joe Thornton wins face-off versus Erik Haula in Jets zone.
14:21 of 1st period - Snap shot by Vladimir Tarasenko.
14:21 of 1st period - Shot Misses the Net.
14:23 of 1st period - Slapshot by Justin Falk.
14:23 of 1st period - Stopped by Michal Neuvirth with a rebound.
14:25 of 1st period - Slapshot by Justin Falk.
14:25 of 1st period - Shot Blocked by Jake McCabe.
15:03 of 1st period - Snap shot by Viktor Arvidsson.
15:03 of 1st period - Shot Blocked by Paul Stastny.
16:07 of 1st period - Wrist shot by Evander Kane.
16:07 of 1st period - Deflect By Dougie Hamilton.
16:07 of 1st period - Goal by Evander Kane - Islanders : 1 - Jets : 0.
16:08 of 1st period - Ryan Johansen wins face-off versus Evander Kane in neutral zone.
16:12 of 1st period - Marco Scandella is hit by Jay Bouwmeester and loses puck.
16:31 of 1st period - Minor Penalty to Evander Kane for Holding.
16:32 of 1st period - Ryan Johansen wins face-off versus Vladimir Tarasenko in Islanders zone.
18:27 of 1st period - Tyler Myers is hit by Vladimir Tarasenko and loses puck.
18:31 of 1st period - Penalty to Evander Kane is over, Evander Kane is back on ice.
18:45 of 1st period - Off-side.
18:46 of 1st period - Paul Stastny wins face-off versus Alexander Wennberg in neutral zone.
19:15 of 1st period - Marc-Édouard Vlasic is hit by Erik Haula and loses puck.
19:32 of 1st period - Slapshot by Brent Burns.
19:32 of 1st period - Stopped by Jonathan Quick without a rebound.
19:33 of 1st period - Michael Latta wins face-off versus Noel Acciari in Islanders zone.
19:44 of 1st period - Off-side.
19:45 of 1st period - Ryan Johansen wins face-off versus Joe Thornton in neutral zone.
19:58 of 1st period - Snap shot by Ryan Ellis.
19:58 of 1st period - Shot Blocked by Adam Henrique.
Goals for this period are 1 for Islanders vs 0 for Jets.
Shots for this period are 13 for Islanders vs 6 for Jets.
2nd period
0:01 of 2nd period - Joe Thornton wins face-off versus Ryan Johansen in neutral zone.
0:53 of 2nd period - Snap shot by Paul Stastny.
0:53 of 2nd period - Deflect By Zac Rinaldo.
0:53 of 2nd period - Stopped by Michal Neuvirth without a rebound.
0:54 of 2nd period - Ryan Johansen wins face-off versus Paul Stastny in Jets zone.
1:17 of 2nd period - Minor Penalty to Marc-Édouard Vlasic for Boarding.
1:18 of 2nd period - Evander Kane wins face-off versus Adam Henrique in Islanders zone.
1:18 of 2nd period - Evander Kane is hit by Adam Henrique.
1:30 of 2nd period - Slapshot by Dougie Hamilton.
1:30 of 2nd period - Shot Misses the Net.
1:32 of 2nd period - Snap shot by Kyle Okposo.
1:32 of 2nd period - Stopped by Jonathan Quick without a rebound.
1:33 of 2nd period - Ryan Johansen wins face-off versus Vladimir Tarasenko in Islanders zone.
2:08 of 2nd period - Slapshot by Marcus Johansson.
2:08 of 2nd period - Stopped by Jonathan Quick with a rebound.
3:17 of 2nd period - Penalty to Marc-Édouard Vlasic is over, Marc-Édouard Vlasic is back on ice.
3:30 of 2nd period - Zac Rinaldo is hit by Ronalds Kenins and loses puck.
4:27 of 2nd period - Jake McCabe is hit by Ryan Ellis.
4:39 of 2nd period - Snap shot by Ronalds Kenins.
4:39 of 2nd period - Stopped by Jonathan Quick with a rebound.
5:05 of 2nd period - Snap shot by Alexander Wennberg.
5:05 of 2nd period - Shot Blocked by Ryan Ellis.
5:11 of 2nd period - Johnny Boychuk is hit by Sergei Plotnikov and loses puck.
5:18 of 2nd period - Snap shot by Michael Latta.
5:18 of 2nd period - Shot Misses the Net.
5:20 of 2nd period - Slapshot by Fedor Tyutin.
5:20 of 2nd period - Deflect By Sergei Plotnikov.
5:20 of 2nd period - Shot Hit the Post.
5:20 of 2nd period - Puck is out of play.
5:21 of 2nd period - Joe Thornton wins face-off versus Ryan Johansen in Jets zone.
5:44 of 2nd period - Minor Penalty to Marco Scandella for Tripping.
5:45 of 2nd period - Erik Haula wins face-off versus Joe Thornton in Jets zone.
7:44 of 2nd period - Penalty to Marco Scandella is over, Marco Scandella is back on ice.
7:52 of 2nd period - Wrist shot by Ryan Ellis.
7:52 of 2nd period - Stopped by Michal Neuvirth without a rebound.
7:53 of 2nd period - Alexander Wennberg wins face-off versus Paul Stastny in Jets zone.
8:54 of 2nd period - Snap shot by Zac Rinaldo.
8:54 of 2nd period - Shot Misses the Net.
9:09 of 2nd period - Brian Ferlin is hit by Alexander Radulov.
9:19 of 2nd period - Slapshot by Marco Scandella.
9:19 of 2nd period - Shot Blocked by Tomas Kundratek.
10:13 of 2nd period - Snap shot by Zac Rinaldo.
10:13 of 2nd period - Shot Misses the Net.
10:15 of 2nd period - Snap shot by Brian Ferlin.
10:15 of 2nd period - Stopped by Michal Neuvirth with a rebound.
10:34 of 2nd period - Wrist shot by Zac Rinaldo.
10:34 of 2nd period - Stopped by Michal Neuvirth without a rebound.
10:35 of 2nd period - Ryan Johansen wins face-off versus Joe Thornton in Jets zone.
11:13 of 2nd period - Wrist shot by Erik Haula.
11:13 of 2nd period - Stopped by Jonathan Quick with a rebound.
11:29 of 2nd period - Jason Pominville is hit by Michael Latta and loses puck.
14:20 of 2nd period - Minor Penalty to Noel Acciari for Hooking.
14:21 of 2nd period - Erik Haula wins face-off versus Frans Nielsen in Jets zone.
15:04 of 2nd period - Snap shot by Tyler Myers.
15:04 of 2nd period - Deflect By Marcus Johansson.
15:04 of 2nd period - Shot Misses the Net.
15:04 of 2nd period - Puck is out of play.
15:05 of 2nd period - Joe Thornton wins face-off versus Erik Haula in Islanders zone.
16:16 of 2nd period - Icing by Evander Kane.
16:17 of 2nd period - Joe Thornton wins face-off versus Alexander Wennberg in Islanders zone.
16:20 of 2nd period - Penalty to Noel Acciari is over, Noel Acciari is back on ice.
16:24 of 2nd period - Slapshot by Noel Acciari.
16:24 of 2nd period - Shot Blocked by Ryan Ellis.
17:09 of 2nd period - Wrist shot by Max Domi.
17:09 of 2nd period - Stopped by Jonathan Quick without a rebound.
17:10 of 2nd period - Frans Nielsen wins face-off versus Max Domi in Islanders zone.
17:23 of 2nd period - Wrist shot by Max Domi.
17:23 of 2nd period - Shot Misses the Net.
17:36 of 2nd period - Wrist shot by Marcus Johansson.
17:36 of 2nd period - Shot Blocked by Fedor Tyutin.
17:40 of 2nd period - Wrist shot by Marcus Johansson.
17:40 of 2nd period - Stopped by Jonathan Quick without a rebound.
17:41 of 2nd period - Joe Thornton wins face-off versus Ryan Johansen in Islanders zone.
18:52 of 2nd period - Vladimir Tarasenko is hit by Ronalds Kenins and loses puck.
19:09 of 2nd period - Dougie Hamilton is hit by Sergei Plotnikov and loses puck.
19:53 of 2nd period - Frans Nielsen is hit by Erik Haula and loses puck.
19:58 of 2nd period - Wrist shot by Marcus Johansson.
19:58 of 2nd period - Stopped by Jonathan Quick with a rebound.
Goals for this period are 0 for Islanders vs 0 for Jets.
Shots for this period are 4 for Islanders vs 7 for Jets.
3rd period
0:01 of 3rd period - Adam Henrique wins face-off versus Joe Thornton in neutral zone.
1:15 of 3rd period - Wrist shot by Craig Smith.
1:15 of 3rd period - Shot Misses the Net.
1:17 of 3rd period - Slapshot by Craig Smith.
1:17 of 3rd period - Stopped by Michal Neuvirth with a rebound.
1:19 of 3rd period - Backhand shot by Pierre-Edouard Bellemare.
1:19 of 3rd period - Stopped by Michal Neuvirth without a rebound.
1:20 of 3rd period - Ryan Johansen wins face-off versus Joe Thornton in Jets zone.
1:20 of 3rd period - Ryan Johansen is hit by Joe Thornton.
1:35 of 3rd period - Snap shot by Adam Henrique.
1:35 of 3rd period - Stopped by Jonathan Quick with a rebound.
1:37 of 3rd period - Slapshot by Adam Henrique.
1:37 of 3rd period - Stopped by Jonathan Quick without a rebound.
1:38 of 3rd period - Alexander Wennberg wins face-off versus Paul Stastny in Islanders zone.
1:53 of 3rd period - Snap shot by Paul Stastny.
1:53 of 3rd period - Stopped by Michal Neuvirth with a rebound.
1:59 of 3rd period - Minor Penalty to Viktor Arvidsson for Roughing.
2:00 of 3rd period - Joe Thornton wins face-off versus Erik Haula in Jets zone.
3:51 of 3rd period - Fedor Tyutin is hit by Adam Henrique and loses puck.
3:59 of 3rd period - Penalty to Viktor Arvidsson is over, Viktor Arvidsson is back on ice.
5:10 of 3rd period - Snap shot by Adam Henrique.
5:10 of 3rd period - Stopped by Jonathan Quick with a rebound.
5:23 of 3rd period - Off-side.
5:24 of 3rd period - Erik Haula wins face-off versus Paul Stastny in neutral zone.
5:35 of 3rd period - Snap shot by Erik Haula.
5:35 of 3rd period - Shot Misses the Net.
6:14 of 3rd period - Backhand shot by Tyler Myers.
6:14 of 3rd period - Stopped by Jonathan Quick without a rebound.
6:15 of 3rd period - Michael Latta wins face-off versus Noel Acciari in Islanders zone.
6:24 of 3rd period - Wrist shot by Sergei Plotnikov.
6:24 of 3rd period - Shot Blocked by Ronalds Kenins.
6:39 of 3rd period - Jay Bouwmeester is hit by Jason Pominville and loses puck.
7:22 of 3rd period - Tomas Kundratek is hit by Johnny Boychuk and loses puck.
7:38 of 3rd period - Snap shot by Sergei Plotnikov.
7:38 of 3rd period - Shot Misses the Net.
7:40 of 3rd period - Snap shot by Andrew Shaw.
7:40 of 3rd period - Shot Misses the Net.
7:48 of 3rd period - Sergei Plotnikov is hit by Noel Acciari.
8:20 of 3rd period - Wrist shot by Michael Latta.
8:20 of 3rd period - Shot Blocked by Tyler Myers.
8:22 of 3rd period - Slapshot by Marc-Édouard Vlasic.
8:22 of 3rd period - Shot Misses the Net.
8:24 of 3rd period - Wrist shot by Michael Latta.
8:24 of 3rd period - Shot Blocked by Tyler Myers.
8:26 of 3rd period - Slapshot by Justin Falk.
8:26 of 3rd period - Stopped by Michal Neuvirth with a rebound.
8:28 of 3rd period - Slapshot by Marc-Édouard Vlasic.
8:28 of 3rd period - Shot Misses the Net.
8:30 of 3rd period - Slapshot by Justin Falk.
8:30 of 3rd period - Stopped by Michal Neuvirth with a rebound.
8:32 of 3rd period - Slapshot by Justin Falk.
8:32 of 3rd period - Stopped by Michal Neuvirth with a rebound.
8:34 of 3rd period - Snap shot by Sergei Plotnikov.
8:34 of 3rd period - Stopped by Michal Neuvirth without a rebound.
8:35 of 3rd period - Ryan Johansen wins face-off versus Joe Thornton in Jets zone.
8:52 of 3rd period - Icing by Vladimir Tarasenko.
8:53 of 3rd period - Erik Haula wins face-off versus Joe Thornton in Islanders zone.
8:53 of 3rd period - Dougie Hamilton is hit by Evander Kane and loses puck.
9:00 of 3rd period - Wrist shot by Erik Haula.
9:00 of 3rd period - Stopped by Jonathan Quick without a rebound.
9:01 of 3rd period - Joe Thornton wins face-off versus Erik Haula in Islanders zone.
9:03 of 3rd period - Minor Penalty to Fedor Tyutin for Holding.
9:04 of 3rd period - Adam Henrique wins face-off versus Vladimir Tarasenko in Islanders zone.
9:07 of 3rd period - Minor Penalty to Dougie Hamilton for High sticking.
9:08 of 3rd period - Ryan Johansen wins face-off versus Vladimir Tarasenko in Jets zone.
9:08 of 3rd period - Ryan Johansen is hit by Evander Kane.
9:17 of 3rd period - Snap shot by Adam Henrique.
9:17 of 3rd period - Shot Blocked by Ryan Ellis.
9:19 of 3rd period - Snap shot by Ryan Johansen.
9:19 of 3rd period - Stopped by Jonathan Quick with a rebound.
9:21 of 3rd period - Wrist shot by Ryan Johansen.
9:21 of 3rd period - Stopped by Jonathan Quick with a rebound.
9:23 of 3rd period - Snap shot by Ryan Johansen.
9:23 of 3rd period - Shot Misses the Net.
9:25 of 3rd period - Slapshot by Brent Burns.
9:25 of 3rd period - Shot Blocked by Marc-Édouard Vlasic.
10:03 of 3rd period - Wrist shot by Marcus Johansson.
10:03 of 3rd period - Stopped by Jonathan Quick with a rebound.
11:00 of 3rd period - Ronalds Kenins is hit by Zac Rinaldo and loses puck.
11:03 of 3rd period - Penalty to Fedor Tyutin is over, Fedor Tyutin is back on ice.
11:07 of 3rd period - Penalty to Dougie Hamilton is over, Dougie Hamilton is back on ice.
11:30 of 3rd period - Slapshot by Ryan Ellis.
11:30 of 3rd period - Deflect By Fedor Tyutin.
11:30 of 3rd period - Stopped by Michal Neuvirth with a rebound.
11:38 of 3rd period - Slapshot by Dougie Hamilton.
11:38 of 3rd period - Shot Misses the Net.
11:40 of 3rd period - Slapshot by Erik Haula.
11:40 of 3rd period - Shot Hit the Post.
11:46 of 3rd period - Slapshot by Ryan Ellis.
11:46 of 3rd period - Shot Blocked by Erik Haula.
11:48 of 3rd period - Snap shot by Fedor Tyutin.
11:48 of 3rd period - Stopped by Michal Neuvirth without a rebound.
11:49 of 3rd period - Joe Thornton wins face-off versus Adam Henrique in Jets zone.
12:16 of 3rd period - Jay Bouwmeester is hit by Alexander Radulov and loses puck.
12:23 of 3rd period - Wrist shot by Viktor Arvidsson.
12:23 of 3rd period - Deflect By Alexander Radulov.
12:23 of 3rd period - Shot Misses the Net.
12:23 of 3rd period - Puck is out of play.
12:24 of 3rd period - Frans Nielsen wins face-off versus Ryan Johansen in Islanders zone.
12:24 of 3rd period - Frans Nielsen is hit by Adam Henrique.
12:34 of 3rd period - Snap shot by Frans Nielsen.
12:34 of 3rd period - Shot Blocked by Adam Henrique.
12:50 of 3rd period - Adam Henrique is hit by Justin Falk and loses puck.
13:07 of 3rd period - Slapshot by Dougie Hamilton.
13:07 of 3rd period - Shot Misses the Net.
13:09 of 3rd period - Snap shot by Kyle Okposo.
13:09 of 3rd period - Shot Misses the Net.
13:29 of 3rd period - Wrist shot by Adam Henrique.
13:29 of 3rd period - Shot Blocked by Michael Latta.
13:41 of 3rd period - Snap shot by Michael Latta.
13:41 of 3rd period - Shot Misses the Net.
14:12 of 3rd period - Snap shot by Adam Henrique.
14:12 of 3rd period - Goal by Adam Henrique - Islanders : 1 - Jets : 1.
14:13 of 3rd period - Joe Thornton wins face-off versus Erik Haula in neutral zone.
14:20 of 3rd period - Snap shot by Vladimir Tarasenko.
14:20 of 3rd period - Deflect By Marcus Johansson.
14:20 of 3rd period - Stopped by Michal Neuvirth without a rebound.
14:21 of 3rd period - Joe Thornton wins face-off versus Erik Haula in Jets zone.
14:40 of 3rd period - Backhand shot by Vladimir Tarasenko.
14:40 of 3rd period - Shot Blocked by Marcus Johansson.
15:04 of 3rd period - Slapshot by Marcus Johansson.
15:04 of 3rd period - Shot Blocked by Fedor Tyutin.
15:13 of 3rd period - Fedor Tyutin is hit by Dougie Hamilton and loses puck.
15:30 of 3rd period - Snap shot by Vladimir Tarasenko.
15:30 of 3rd period - Shot Blocked by Dougie Hamilton.
15:50 of 3rd period - Minor Penalty to Marco Scandella for Interference.
15:51 of 3rd period - Frans Nielsen wins face-off versus Noel Acciari in Jets zone.
16:11 of 3rd period - Wrist shot by Ronalds Kenins.
16:11 of 3rd period - Shot Blocked by Pierre-Edouard Bellemare.
16:14 of 3rd period - Icing by Tomas Kundratek.
16:15 of 3rd period - Pierre-Edouard Bellemare wins face-off versus Alexander Wennberg in Islanders zone.
17:50 of 3rd period - Penalty to Marco Scandella is over, Marco Scandella is back on ice.
17:57 of 3rd period - Noel Acciari is hit by Ryan Ellis and loses puck.
18:26 of 3rd period - Wrist shot by Jake McCabe.
18:26 of 3rd period - Deflect By Ryan Johansen.
18:26 of 3rd period - Goal by Ryan Johansen - Islanders : 1 - Jets : 2.
18:27 of 3rd period - Alexander Wennberg wins face-off versus Paul Stastny in neutral zone.
18:32 of 3rd period - Wrist shot by Alexander Radulov.
18:32 of 3rd period - Stopped by Jonathan Quick without a rebound.
18:33 of 3rd period - Alexander Radulov wins face-off versus Paul Stastny in Islanders zone.
18:40 of 3rd period - Snap shot by Alexander Wennberg.
18:40 of 3rd period - Shot Misses the Net.
18:42 of 3rd period - Snap shot by Alexander Wennberg.
18:42 of 3rd period - Stopped by Jonathan Quick without a rebound.
18:43 of 3rd period - Alexander Wennberg wins face-off versus Paul Stastny in Islanders zone.
18:56 of 3rd period - Snap shot by Viktor Arvidsson.
18:56 of 3rd period - Stopped by Jonathan Quick with a rebound.
19:12 of 3rd period - Islanders, Jonathan Quick is pulled from the net.
19:12 of 3rd period - Slapshot by Ryan Ellis.
19:12 of 3rd period - Shot Misses the Net.
19:22 of 3rd period - Snap shot by Evander Kane.
19:22 of 3rd period - Shot Misses the Net.
19:24 of 3rd period - Snap shot by Evander Kane.
19:24 of 3rd period - Stopped by Michal Neuvirth with a rebound.
19:26 of 3rd period - Snap shot by Vladimir Tarasenko.
19:26 of 3rd period - Stopped by Michal Neuvirth with a rebound.
19:28 of 3rd period - Slapshot by Ryan Ellis.
19:28 of 3rd period - Shot Misses the Net.
19:30 of 3rd period - Slapshot by Fedor Tyutin.
19:30 of 3rd period - Shot Misses the Net.
19:32 of 3rd period - Slapshot by Joe Thornton.
19:32 of 3rd period - Stopped by Michal Neuvirth without a rebound.
19:33 of 3rd period - Jacques Martin call a timeout for Islanders.
19:33 of 3rd period - Erik Haula wins face-off versus Joe Thornton in Jets zone.
19:33 of 3rd period - Erik Haula is hit by Evander Kane.
19:38 of 3rd period - Off-side.
19:39 of 3rd period - Joe Thornton wins face-off versus Erik Haula in neutral zone.
19:44 of 3rd period - Snap shot by Evander Kane.
19:44 of 3rd period - Shot Misses the Net.
19:46 of 3rd period - Snap shot by Fedor Tyutin.
19:46 of 3rd period - Stopped by Michal Neuvirth with a rebound.
19:48 of 3rd period - Wrist shot by Evander Kane.
19:48 of 3rd period - Shot Misses the Net.
19:50 of 3rd period - Wrist shot by Evander Kane.
19:50 of 3rd period - Shot Blocked by Marco Scandella.
19:52 of 3rd period - Wrist shot by Fedor Tyutin.
19:52 of 3rd period - Stopped by Michal Neuvirth with a rebound.
19:54 of 3rd period - Snap shot by Evander Kane.
19:54 of 3rd period - Shot Misses the Net.
Goals for this period are 0 for Islanders vs 2 for Jets.
Shots for this period are 15 for Islanders vs 13 for Jets.